TOP OF THE 1ST |
Buffalo LightSabres batting - Pitching for Mt Pleasant Bearcats : LHP Rob Price
|
Pitching: LHP Rob Price
|
|
Batting: RHB Alfredo Villegas
|
0-0: Called Strike 0-1: Ball 1-1: Ball 2-1: Called Strike 2-2: Strikes out swinging
|
Batting: RHB José Pérez
|
0-0: Ball 1-0: DOUBLE (Line Drive, 78M)
|
Batting: SHB Javier Jiménez
|
0-0: Ball 1-0: Called Strike José Pérez steals 3rd base 1-1: SINGLE (Line Drive, 78S) José Pérez scores
|
Batting: LHB Zack Payton
|
0-0: Swinging Strike 0-1: Ball 1-1: Ball 2-1: Ground out 4-3 (Groundball, 34D) Javier Jiménez to second
|
Batting: RHB Peter Dixon
|
0-0: Ball 1-0: Called Strike 1-1: Ball 2-1: Ball 3-1: Called Strike 3-2: Strikes out swinging
|
Top of the 1st over - 1 run(s), 2 hit(s), 0 error(s), 1 left on base; Buffalo 1 - Mt Pleasant 0 |
BOTTOM OF THE 1ST |
Mt Pleasant Bearcats batting - Pitching for Buffalo LightSabres : RHP Jorge Madrigal
|
Pitching: RHP Jorge Madrigal
|
|
Batting: RHB Carlos López
|
0-0: Ball 1-0: Foul Ball, location: 2F 1-1: Ground out 6-3 (Groundball, 56)
|
Batting: RHB Irving Galloway
|
0-0: Called Strike 0-1: Ball 1-1: SINGLE (Flyball, 9LM)
|
Batting: RHB Casey Fox
|
0-0: Ball 1-0: SINGLE (Groundball, 5S) (infield hit) Irving Galloway to second
|
Batting: RHB Pat Fernández
|
0-0: Called Strike 0-1: Ball 1-1: Fly out, F4 (Popup, 34D)
|
Batting: RHB Patrick Potts
|
0-0: Ball 1-0: Called Strike 1-1: Ball 2-1: Swinging Strike 2-2: Foul Ball, location: 2F 2-2: Strikes out swinging
|
Bottom of the 1st over - 0 run(s), 2 hit(s), 0 error(s), 2 left on base; Buffalo 1 - Mt Pleasant 0 |
TOP OF THE 2ND |
Buffalo LightSabres batting - Pitching for Mt Pleasant Bearcats : LHP Rob Price
|
Batting: RHB Jorge Castillo
|
0-0: Ball 1-0: Foul Ball, location: 2F 1-1: Ball 2-1: Foul Ball, location: 2F 2-2: Ball 3-2: Fly out, F9 (Flyball, 9)
|
Batting: RHB Júlio López
|
0-0: Ball 1-0: Ball 2-0: SINGLE (Groundball, 5S) (infield hit)
|
Batting: RHB Manuel Cintrón
|
0-0: Ball 1-0: SINGLE (Groundball, 56D) Júlio López to second
|
Batting: RHB Armando Gusmán
|
0-0: Grounds into double play, 6-4-3 (Groundball, 6)
|
Top of the 2nd over - 0 run(s), 2 hit(s), 0 error(s), 1 left on base; Buffalo 1 - Mt Pleasant 0 |
BOTTOM OF THE 2ND |
Mt Pleasant Bearcats batting - Pitching for Buffalo LightSabres : RHP Jorge Madrigal
|
Batting: RHB Ricardo Salazar
|
0-0: Fly out, F4 (Popup, 4D)
|
Batting: RHB Ramiro Chávez
|
0-0: Ball 1-0: Ball 2-0: Called Strike 2-1: Ball 3-1: Base on Balls
|
Batting: LHB Gino Canio
|
0-0: Called Strike 0-1: Ball 1-1: SINGLE (Groundball, 6D) Ramiro Chávez to second
|
Batting: RHB Luis Maldonado
|
0-0: Foul Ball, location: 2F 0-1: Ball 1-1: Called Strike 1-2: Ball 2-2: SINGLE (Groundball, 4MD) Ramiro Chávez to third Gino Canio to second
|
Batting: RHB Carlos López
|
0-0: Ball 1-0: Foul Ball, location: 2F 1-1: Ball 2-1: Fly out, F9 (Flyball, 9LS)
|
Batting: RHB Irving Galloway
|
0-0: Ball Wild Pitch! Ramiro Chávez scores Gino Canio to third Luis Maldonado to second 1-0: Ball 2-0: Ball 3-0: Called Strike 3-1: Base on Balls
|
Batting: RHB Casey Fox
|
0-0: Foul Ball, location: 2F 0-1: Foul Ball, location: 2F 0-2: Strikes out swinging
|
Bottom of the 2nd over - 1 run(s), 2 hit(s), 0 error(s), 3 left on base; Buffalo 1 - Mt Pleasant 1 |
TOP OF THE 3RD |
Buffalo LightSabres batting - Pitching for Mt Pleasant Bearcats : LHP Rob Price
|
Batting: RHB Alfredo Villegas
|
0-0: Ball 1-0: Ground out 1-3 (Groundball, 15S)
|
Batting: RHB José Pérez
|
0-0: Ball 1-0: Called Strike 1-1: Ball 2-1: SINGLE (Groundball, 34D)
|
Batting: SHB Javier Jiménez
|
0-0: Ball 1-0: Foul Ball, location: 2F 1-1: Called Strike 1-2: SINGLE (Groundball, 34D) José Pérez to second Runner from 2nd tries for 3rd, SAFE, no throw
|
Batting: LHB Zack Payton
|
0-0: Called Strike 0-1: Ball 1-1: Swinging Strike 1-2: Strikes out swinging
|
Batting: RHB Peter Dixon
|
0-0: Ball 1-0: Fly out, F9 (Flyball, 9LS)
|
Top of the 3rd over - 0 run(s), 2 hit(s), 0 error(s), 2 left on base; Buffalo 1 - Mt Pleasant 1 |
BOTTOM OF THE 3RD |
Mt Pleasant Bearcats batting - Pitching for Buffalo LightSabres : RHP Jorge Madrigal
|
Batting: RHB Pat Fernández
|
0-0: Ball 1-0: Ball 2-0: SINGLE (Line Drive, 89M)
|
Batting: RHB Patrick Potts
|
0-0: Swinging Strike 0-1: Ball 1-1: Called Strike 1-2: Ball 2-2: Foul Ball, location: 2F 2-2: Ball 3-2: Fly out, F9 (Flyball, 9D)
|
Batting: RHB Ricardo Salazar
|
0-0: Ball 1-0: Fly out, F8 (Flyball, 8RXD)
|
Batting: RHB Ramiro Chávez
|
Pickoff Throw to First - Out!
|
Bottom of the 3rd over - 0 run(s), 1 hit(s), 0 error(s), 0 left on base; Buffalo 1 - Mt Pleasant 1 |
TOP OF THE 4TH |
Buffalo LightSabres batting - Pitching for Mt Pleasant Bearcats : LHP Rob Price
|
Batting: RHB Jorge Castillo
|
0-0: Ball 1-0: Swinging Strike 1-1: Foul Ball, location: 2F 1-2: Ground out 4-3 (Groundball, 4M)
|
Batting: RHB Júlio López
|
0-0: Ball 1-0: Ball 2-0: Ball 3-0: Called Strike 3-1: Foul Ball, location: 2F 3-2: Strikes out looking
|
Batting: RHB Manuel Cintrón
|
0-0: Called Strike 0-1: Called Strike 0-2: Foul Ball, location: 2F 0-2: Ball 1-2: Foul Ball, location: 2F 1-2: Ball 2-2: Foul Ball, location: 2F 2-2: Strikes out swinging
|
Top of the 4th over - 0 run(s), 0 hit(s), 0 error(s), 0 left on base; Buffalo 1 - Mt Pleasant 1 |
BOTTOM OF THE 4TH |
Mt Pleasant Bearcats batting - Pitching for Buffalo LightSabres : RHP Jorge Madrigal
|
Batting: RHB Ramiro Chávez
|
0-0: Ball 1-0: Called Strike 1-1: Foul Ball, location: 2F 1-2: Foul Ball, location: 2F 1-2: Ball 2-2: Foul Ball, location: 2F 2-2: Foul Ball, location: 2F 2-2: Ball 3-2: Fly out, F6 (Popup, 6D)
|
Batting: LHB Gino Canio
|
0-0: Ball 1-0: Ball 2-0: Called Strike 2-1: Fly out, F8 (Flyball, 8RD)
|
Batting: RHB Luis Maldonado
|
0-0: Fly out, F5 (Line Drive, 5S)
|
Bottom of the 4th over - 0 run(s), 0 hit(s), 0 error(s), 0 left on base; Buffalo 1 - Mt Pleasant 1 |
TOP OF THE 5TH |
Buffalo LightSabres batting - Pitching for Mt Pleasant Bearcats : LHP Rob Price
|
Batting: RHB Armando Gusmán
|
0-0: Ball 1-0: Foul Ball, location: 2F 1-1: Ball 2-1: SINGLE (Line Drive, 78M)
|
Batting: RHB Alfredo Villegas
|
0-0: Grounds into double play, 6-4-3 (Groundball, 6)
|
Batting: RHB José Pérez
|
0-0: Ball 1-0: Ball 2-0: SINGLE (Groundball, 6MD)
|
Batting: SHB Javier Jiménez
|
0-0: Ball 1-0: Ball 2-0: Called Strike 2-1: Ball 3-1: Foul Ball, location: 2F 3-2: Base on Balls José Pérez to second
|
Batting: LHB Zack Payton
|
0-0: Ball 1-0: Swinging Strike 1-1: Ball 2-1: Called Strike 2-2: Foul Ball, location: 2F 2-2: Ground out U3 (Groundball, 34S)
|
Top of the 5th over - 0 run(s), 2 hit(s), 0 error(s), 2 left on base; Buffalo 1 - Mt Pleasant 1 |
BOTTOM OF THE 5TH |
Mt Pleasant Bearcats batting - Pitching for Buffalo LightSabres : RHP Jorge Madrigal
|
Batting: RHB Carlos López
|
0-0: Ball 1-0: Ball 2-0: Ball 3-0: Called Strike 3-1: Foul Ball, location: 2F 3-2: Base on Balls
|
Batting: RHB Irving Galloway
|
0-0: Called Strike 0-1: Ball 1-1: Ball 2-1: 2-RUN HOME RUN (Flyball, 8LXD), Distance : 440 ft
|
Batting: RHB Casey Fox
|
0-0: Called Strike 0-1: Ball 1-1: Ball 2-1: Called Strike 2-2: Ball 3-2: Reached via error on a dropped throw, E3
|
Batting: RHB Pat Fernández
|
0-0: SINGLE (Line Drive, 8LS) Casey Fox to second
|
Batting: RHB Patrick Potts
|
0-0: Called Strike 0-1: Ball 1-1: Ball 2-1: Fly out, F8 (Flyball, 8RS)
|
Batting: RHB Ricardo Salazar
|
0-0: Ball 1-0: Ball 2-0: Ball 3-0: Called Strike 3-1: Called Strike 3-2: Base on Balls Casey Fox to third Pat Fernández to second
|
Pitching: RHP Ángel Uribe
|
|
Batting: RHB Ramiro Chávez
|
0-0: Ball 1-0: Called Strike 1-1: Swinging Strike 1-2: Ball 2-2: Ball 3-2: Foul Ball, location: 2F 3-2: Base on Balls Casey Fox scores Pat Fernández to third Ricardo Salazar to second
|
Batting: LHB Gino Canio
|
0-0: Called Strike 0-1: Ball 1-1: Foul Ball, location: 2F 1-2: Foul Ball, location: 2F 1-2: SINGLE (Groundball, 3D) Pat Fernández scores Ricardo Salazar to third Ramiro Chávez to second Runner from 3rd tries for Home, SAFE, no throw
|
Batting: RHB Luis Maldonado
|
0-0: Ball 1-0: Swinging Strike 1-1: Foul Ball, location: 2F 1-2: Ground out 3-1 (Groundball, 34S) Ramiro Chávez to third Gino Canio to second
|
Batting: RHB Carlos López
|
0-0: Hit by Pitch
|
Batting: RHB Irving Galloway
|
0-0: GRAND SLAM HOME RUN (Flyball, 7D), Distance : 375 ft
|
Pitching: RHP Travis Whitney
|
|
Batting: RHB Casey Fox
|
0-0: Called Strike 0-1: Ball 1-1: SINGLE (Groundball, 5) (infield hit)
|
Batting: RHB Pat Fernández
|
0-0: Called Strike 0-1: Called Strike Casey Fox steals 2nd base 0-2: Ball 1-2: DOUBLE (Groundball, 5L) Casey Fox scores
|
Batting: RHB Patrick Potts
|
0-0: Called Strike 0-1: Foul Ball, location: 2F 0-2: Ball 1-2: Ball 2-2: Foul Ball, location: 2F 2-2: SINGLE (Line Drive, 34D) Pat Fernández to third Runner from 3rd tries for Home, SAFE, no throw
|
Batting: RHB Ricardo Salazar
|
0-0: Called Strike 0-1: Reached on error, E1 (Groundball, 15S) Patrick Potts to second
|
Batting: RHB Ramiro Chávez
|
0-0: Foul Ball, location: 2F 0-1: Foul Ball, location: 2F 0-2: Ball 1-2: DOUBLE (Line Drive, 7LS) Patrick Potts scores Ricardo Salazar to third Runner from 3rd tries for Home, SAFE, no throw
|
Pitching: RHP Gavin Robbins
|
|
Batting: LHB Gino Canio
|
0-0: Ball 1-0: Ball 2-0: Ball 3-0: Called Strike 3-1: Base on Balls
|
Batting: RHB Luis Maldonado
|
0-0: Ball 1-0: SINGLE (Groundball, 56D) Ramiro Chávez to third Gino Canio to second Runner from 3rd tries for Home, SAFE, no throw
|
Batting: RHB Carlos López
|
0-0: Ball 1-0: Ball 2-0: Called Strike 2-1: Foul Ball, location: 2F 2-2: Ball 3-2: Foul Ball, location: 2F 3-2: Strikes out swinging
|
Bottom of the 5th over - 14 run(s), 9 hit(s), 2 error(s), 2 left on base; Buffalo 1 - Mt Pleasant 15 |
TOP OF THE 6TH |
Buffalo LightSabres batting - Pitching for Mt Pleasant Bearcats : LHP Rob Price
|
Batting: RHB Peter Dixon
|
0-0: Called Strike 0-1: Called Strike 0-2: SINGLE (Groundball, 4MD)
|
Batting: RHB Jorge Castillo
|
0-0: Ball 1-0: SINGLE (Line Drive, 4MD) Peter Dixon to second
|
Batting: RHB Júlio López
|
0-0: Foul Ball, location: 2F 0-1: Called Strike 0-2: Strikes out looking
|
Batting: RHB Manuel Cintrón
|
0-0: Called Strike Peter Dixon steals 3rd base Jorge Castillo to second 0-1: Ground out 6-3 (Groundball, 6) Peter Dixon scores
|
Pitching: LHP José Chávez
|
|
Batting: RHB Armando Gusmán
|
0-0: Ball 1-0: Ball 2-0: Ball 3-0: Base on Balls
|
Pinch Hitting: RHB Donato Gozende
|
0-0: Ball 1-0: Ball 2-0: Ball 3-0: Called Strike 3-1: Fly out, F7 (Flyball, 7)
|
Top of the 6th over - 1 run(s), 2 hit(s), 0 error(s), 2 left on base; Buffalo 2 - Mt Pleasant 15 |
BOTTOM OF THE 6TH |
Mt Pleasant Bearcats batting - Pitching for Buffalo LightSabres : RHP Gavin Robbins
|
Now at 2B: Donato Gozende
|
|
Batting: RHB Irving Galloway
|
0-0: Called Strike 0-1: Ball 1-1: Ball 2-1: Ball 3-1: Base on Balls
|
Batting: RHB Casey Fox
|
0-0: Called Strike 0-1: DOUBLE (Line Drive, 78D) Irving Galloway to third
|
Batting: RHB Pat Fernández
|
0-0: Swinging Strike 0-1: Swinging Strike 0-2: Fly out, F8 (Flyball, 8RD) Runner from 3rd tags up, SCORES, no throw
|
Batting: RHB Patrick Potts
|
0-0: Foul Ball, location: 2F 0-1: Fly out, F2 (Popup, 13)
|
Batting: RHB Ricardo Salazar
|
0-0: Ball 1-0: Called Strike 1-1: Ball 2-1: Called Strike 2-2: Foul Ball, location: 2F 2-2: Foul Ball, location: 2F 2-2: Foul Ball, location: 2F 2-2: Fly out, F3 (Popup, 3S)
|
Bottom of the 6th over - 1 run(s), 1 hit(s), 0 error(s), 1 left on base; Buffalo 2 - Mt Pleasant 16 |
TOP OF THE 7TH |
Buffalo LightSabres batting - Pitching for Mt Pleasant Bearcats : LHP José Chávez
|
Batting: RHB José Pérez
|
0-0: Called Strike 0-1: Ball 1-1: Ball 2-1: Called Strike 2-2: SINGLE (Line Drive, 89S)
|
Batting: SHB Javier Jiménez
|
0-0: Called Strike 0-1: Ball 1-1: Grounds into double play, 6-4-3 (Groundball, 6)
|
Batting: LHB Zack Payton
|
0-0: Ball 1-0: Swinging Strike 1-1: DOUBLE (Line Drive, 9D)
|
Batting: RHB Peter Dixon
|
0-0: SINGLE (Groundball, 56D) Zack Payton to third Runner from 3rd tries for Home, SAFE, no throw
|
Batting: RHB Jorge Castillo
|
0-0: Ball 1-0: Called Strike 1-1: SINGLE (Groundball, 5D) Peter Dixon to second
|
Pinch Hitting: RHB Pedro Carranza
|
0-0: Ball 1-0: Ball 2-0: SINGLE (Line Drive, 9S) Peter Dixon to third Jorge Castillo to second Runner from 3rd tries for Home, SAFE, no throw
|
Pinch Hitting: RHB Manny Clemente
|
0-0: Swinging Strike 0-1: Ball 1-1: Foul Ball, location: 2F 1-2: Ground out 5-3 (Groundball, 56S)
|
Top of the 7th over - 2 run(s), 5 hit(s), 0 error(s), 2 left on base; Buffalo 4 - Mt Pleasant 16 |
BOTTOM OF THE 7TH |
Mt Pleasant Bearcats batting - Pitching for Buffalo LightSabres : RHP Gavin Robbins
|
Now in CF: Pedro Carranza
|
|
Batting: RHB Ramiro Chávez
|
0-0: Ball
|
Now in CF: Manny Clemente
|
1-0: Called Strike 1-1: Ball 2-1: Swinging Strike 2-2: SINGLE (Flyball, 7LS)
|
Batting: LHB Gino Canio
|
0-0: Called Strike 0-1: Ball 1-1: Ball 2-1: Called Strike 2-2: Fly out, F7 (Flyball, 7)
|
Batting: RHB Luis Maldonado
|
0-0: Ball 1-0: Ball 2-0: Swinging Strike 2-1: Ball 3-1: Called Strike 3-2: Base on Balls Ramiro Chávez to second
|
Batting: RHB Carlos López
|
0-0: Called Strike 0-1: Called Strike 0-2: Ball 1-2: Fly out, F8 (Line Drive, 8RS)
|
Batting: RHB Irving Galloway
|
0-0: Foul Ball, location: 2F 0-1: Hit by Pitch Ramiro Chávez to third Luis Maldonado to second
|
Batting: RHB Casey Fox
|
0-0: Fly out, F7 (Flyball, 78M)
|
Bottom of the 7th over - 0 run(s), 1 hit(s), 0 error(s), 3 left on base; Buffalo 4 - Mt Pleasant 16 |
TOP OF THE 8TH |
Buffalo LightSabres batting - Pitching for Mt Pleasant Bearcats : LHP José Chávez
|
Batting: RHB Armando Gusmán
|
0-0: Swinging Strike 0-1: Foul Ball, location: 2F 0-2: Hit by Pitch
|
Batting: RHB Donato Gozende
|
0-0: Ball 1-0: Called Strike 1-1: Ball 2-1: DOUBLE (Line Drive, 7) Armando Gusmán to third
|
Batting: RHB José Pérez
|
0-0: Foul Ball, location: 2F 0-1: Ball 1-1: Ball 2-1: Ball 3-1: Base on Balls
|
Batting: SHB Javier Jiménez
|
0-0: Ball 1-0: Grounds into double play, 6-4-3 (Groundball, 56) Armando Gusmán scores Donato Gozende to third
|
Batting: LHB Zack Payton
|
0-0: Ground out 3-1 (Groundball, 34)
|
Top of the 8th over - 1 run(s), 1 hit(s), 0 error(s), 1 left on base; Buffalo 5 - Mt Pleasant 16 |
BOTTOM OF THE 8TH |
Mt Pleasant Bearcats batting - Pitching for Buffalo LightSabres : RHP Gavin Robbins
|
Pitching: RHP Howard Jewel
|
|
Batting: RHB Pat Fernández
|
0-0: Ball 1-0: Foul Ball, location: 2F 1-1: SINGLE (Line Drive, 5D)
|
Batting: RHB Patrick Potts
|
0-0: Called Strike 0-1: Ball 1-1: SINGLE (Line Drive, 78M) Pat Fernández to second
|
Pinch Hitting: RHB Ichizo Akiyama
|
0-0: Foul Ball, location: 2F 0-1: Foul Ball, location: 2F 0-2: Strikes out swinging
|
Batting: RHB Ramiro Chávez
|
0-0: Called Strike 0-1: Reached on error, E8 (Flyball, 8LXD) Pat Fernández scores Patrick Potts to third
|
Batting: LHB Gino Canio
|
0-0: Swinging Strike 0-1: Foul Ball, location: 2F 0-2: Fly out, F7 (Line Drive, 78S) Runner from 3rd tags up, SCORES, no throw
|
Batting: RHB Luis Maldonado
|
0-0: Called Strike 0-1: Ball 1-1: Ball 2-1: SINGLE (Groundball, 4MD) Ramiro Chávez to third Runner from 3rd tries for Home, throw and OUT!
|
Bottom of the 8th over - 2 run(s), 3 hit(s), 1 error(s), 1 left on base; Buffalo 5 - Mt Pleasant 18 |
TOP OF THE 9TH |
Buffalo LightSabres batting - Pitching for Mt Pleasant Bearcats : LHP José Chávez
|
Now in RF: Colm Massey
|
|
Batting: RHB Peter Dixon
|
0-0: Called Strike 0-1: Foul Ball, location: 2F 0-2: Foul Ball, location: 2F 0-2: Foul Ball, location: 2F 0-2: Foul Ball, location: 2F 0-2: Ball 1-2: SINGLE (Line Drive, 7LS)
|
Pitching: RHP Sancho Mendoza
|
|
Batting: RHB Jorge Castillo
|
0-0: Ball 1-0: Called Strike 1-1: Ball 2-1: Ground out 5-3 (Groundball, 56S) Peter Dixon to second
|
Batting: RHB Pedro Carranza
|
0-0: SINGLE (Line Drive, 8LS) Peter Dixon to third
|
Batting: RHB Manny Clemente
|
0-0: Called Strike 0-1: Ball 1-1: Foul Ball, location: 2F 1-2: Grounds into double play, 6-4-3 (Groundball, 6M)
|
Top of the 9th over - 0 run(s), 2 hit(s), 0 error(s), 1 left on base; Buffalo 5 - Mt Pleasant 18 |
|